 Dungeon Crawl Stone Soup version 0.30-a0-1016-gfb0d676c02 (webtiles) character file.

Game seed: 1732714225220520997

7 ytrimaz the Insei (level 1, -1/15 HPs)
             Began as a Demigod Transmuter on Apr 6, 2023.
             Slain by a goblin
             ... wielding a +0 club
              (4 damage)
             ... on level 1 of the Dungeon.
             The game lasted 00:00:29 (98 turns).

ytrimaz the Insei (Demigod Transmuter)                Turns: 98, Time: 00:00:29

Health: -1/15      AC:  2    Str: 11    XL:     1   Next: 73%
Magic:  5/5        EV: 12    Int: 15    God:
Gold:   11         SH:  0    Dex: 14    Spells: 2/3 levels left

rFire   . . .      SeeInvis .      - Unarmed
rCold   . . .      Faith    .    (no shield)
rNeg    . . .      Spirit   .    a - +0 robe
rPois   .          Reflect  .    (helmet currently unavailable)
rElec   .          Rampage  .    (no cloak)
rCorr   .                        (no gloves)
Will    .....                    (boots currently unavailable)
Stlth   +                        (no amulet)
HPRegen 0.22/turn                (no ring)
MPRegen 0.09/turn                (no ring)

@: appendages (expiring)
A: horns 2, talons 2, high MP 1, forlorn, divine attributes
a: End Transformation


You were on level 1 of the Dungeon.
You had temporarily grown beastly horns and talons.
You visited 1 branch of the dungeon, and saw 1 of its levels.

You collected 11 gold pieces.


Innate Abilities, Weirdness & Mutations

You have temporarily grown beastly horns and talons.
You have an increased reservoir of magic. (+10% MP)
You shall have no god before yourself.
Your divine heritage dramatically boosts your attributes as you level up.


   Skills:
 - Level 0.8 Fighting
 - Level 1.7 Dodging
 + Level 2.8 Unarmed Combat
 + Level 1.9 Spellcasting
 * Level 2.1 Transmutations


You had 2 spell levels left.
You knew the following spells:

 Your Spells              Type           Power      Damage    Failure   Level
a - Beastly Appendage     Tmut           14%        N/A       10%         1

Your spell library contained the following spells:

 Spells                   Type           Power      Damage    Failure   Level
 Wereblood                Tmut           7%         N/A       14%         2
 Spider Form              Tmut/Pois      4%         N/A       41%         3
 Ice Form                 Ice/Tmut       4%         N/A       82%         4

Inventory:

Armour
 a - a +0 robe (worn)
Potions
 b - a potion of lignification

Dungeon Overview and Level Annotations

Branches:
Dungeon (1/15) Zot: 5888

♣ ######### ~~ #.......#
...... #.......# ......
#.......####......
#......>...P.~....
#........g#.~~P~..
#.......#g#~PP~PP#
#.......#@#P~P~PP# ~
#.......#....P♣~~## #P~P
#.#####J##..PP~~PP###PP≈~
. #[##.#(PP~~P#.~.~≈
#.##..#P.♣~~~PPP♣♣
..###..#P~♣~PPP~≈♣~P
##..P.~♣♣P♣♣♣~P.
###.P~~~♣ ♣~PP.
#.P~~♣♣♣♣PP..


You could see 2 goblins.


Message History

No reachable target in view!
Unknown command.
You hit the plant.
The plant begins to die.
A nearby plant withers and dies.
The endoplasm hits the plant.
You enter the shallow water.
Moving in this stuff is going to be slow.
A nearby plant withers and dies. x2
You hit the hobgoblin. You claw the hobgoblin.
You kill the hobgoblin!
Unknown command.
Unknown command.
A nearby plant withers and dies. x2
You hit the endoplasm. Your kick misses the endoplasm.
The endoplasm closely misses you.
You hit the endoplasm.
You kill the endoplasm!
Your Transmutations skill increases to level 2!
Unknown command.
No target in view!
Your transformation is almost over.
You now have 11 gold pieces.
Your horns disappear.
Your talons disappear.
Found a stone staircase leading down. 😎 MP[+1]
Your mp is fully restored (5).
A rat comes into view.
A rat is nearby!
You grow a pair of large bovine horns.
Your feet morph into talons. 😎 MP[-1]
You lost 1 mp, and now have 4/5 mp.
No target in view!
Unknown command.
No target in view!
A bat comes into view. 2 goblins come into view.
The frilled lizard hisses angrily.
The goblin shouts! x2
The bat hits you but does no damage. The bat barely misses you.
Unknown command.
You closely miss the rat. Your headbutt misses the rat.
The bat hits you but does no damage. The rat bites you.
The frilled lizard bites you.
An endoplasm comes into view. 😕 HP[-3]
You take 3 damage, and now have 12/15 hp.
The bat hits you but does no damage. The bat closely misses you.
The rat misses you. The bat misses you.
The frilled lizard bites you but does no damage.
You barely miss the bat. You claw the bat. The bat hits you but does no damage.
The rat twitches its whiskers.
The rat misses you. The goblin hits you but does no damage.
The frilled lizard completely misses you. 😕 HP[+1] Unknown command.
The rat bites you but does no damage.
The frilled lizard bites you but does no damage.
The bat hits you. 😕 HP[-1]
You take 1 damage, and now have 12/15 hp.
The rat attacks as you move away! The rat bites you.
The bat attacks as you move away! The bat hits you but does no damage.
The frilled lizard attacks as you move away!
The frilled lizard bites you.
Your transformation is almost over.
The bat hits you. 😮 HP[-3]
You take 3 damage, and now have 9/15 hp.
The frilled lizard bites you. 😮 HP[-1]
You take 1 damage, and now have 8/15 hp.
The frilled lizard attacks as you move away!
The frilled lizard bites you.
* * * LOW HITPOINT WARNING * * *
The rat attacks as you move away! The rat bites you.
* * * LOW HITPOINT WARNING * * *
😨 HP[-3]
You take 3 damage, and now have 5/15 hp.
You are too injured to fight recklessly!
You are too injured to fight recklessly!
You closely miss the rat. You headbutt the rat. The rat bites you.
* * * LOW HITPOINT WARNING * * *
😨 MP[+1]
Your mp is fully restored (5).
Unknown command.
You hit the rat but do no damage. You claw the rat.
You kill the rat!
You hit the frilled lizard.
You kill the frilled lizard!
The bat barely misses you.
You barely miss the bat. The bat closely misses you. x2
Unknown command.
You hit the bat.
You kill the bat!
You barely miss the goblin. Your kick misses the goblin.
Your headbutt misses the goblin. The goblin hits you with a +0 club.
* * * LOW HITPOINT WARNING * * *
😱 HP[-2]
You take 2 damage, and now have 3/15 hp.
You barely miss the goblin. Your kick misses the goblin.
You headbutt the goblin. The goblin hits you with a +0 club.
You die...

Skill      XL: |  1 |
---------------+----+-----
Transmutations | 2 |  2.1
Fighting       | |  0.8
Dodging        | |  1.7
Unarmed Combat | |  2.8
Spellcasting   | |  1.9

Action                     || total
---------------------------++-------
  Melee: Unarmed           ||    20
         Kick              ||     4
         Headbutt          ||     4
   Cast: Beastly Appendage ||     3
 Armour: Robe              ||    11
  Dodge: Dodged            ||    14

Levels and vault maps discovered:
D:1:      sevenhm_arrival_forest_fort_small_4, layout_basic, serial_bayou,
          serial_bayou_pond_a, serial_bayou_crossing, serial_bayou_lagoon_a,
          serial_bayou_pond_d, st_stairs_8, minmay_pentomino_o2

Notes
Turn   | Place    | Note
-------+----------+-------------------------------------------
     0 | D:1      | ytrimaz the Demigod Transmuter began the quest for the Orb.
     0 | D:1      | Reached XP level 1. HP: 15/15 MP: 5/5
     0 | D:1      | magus.rc [v1.9.6]
    65 | D:1      | Reached skill level 2 in Transmutations
    97 | D:1      | HP: 3/15 [goblin/+0 club (3)]
    98 | D:1      | Slain by a goblin

Vanquished Creatures
  A bat (D:1)
  An endoplasm (D:1)
  A hobgoblin (D:1)
  A quokka (D:1)
  A frilled lizard (D:1)
  2 rats (D:1)
7 creatures vanquished.

Vanquished Creatures (others)
  7 plants (D:1)
7 creatures vanquished.

Grand Total: 14 creatures vanquished

Table legend:
 A = Non-vault XP
 B = Vault XP
 C = Vault XP percentage of total XP
 D = Non-vault monster count
 E = Vault monster count
 F = Vault count percentage of total count
                 A         B        C        D         E       F
            +---------+---------+-------+---------+---------+-------
      Total |      11 |       0 |   0.0 |       7 |       0 |   0.0
            +---------+---------+-------+---------+---------+-------
        D:1 |      11 |       0 |   0.0 |       7 |       0 |   0.0
            +---------+---------+-------+---------+---------+-------

Illustrated notes

Table legend:
 A = Kills in this place as a percentage of kills in the entire game.
 B = Kills by you in this place as a percentage of kills by you in the entire game.
 C = Kills by friends in this place as a percentage of kills by friends in the entire game.
 D = Other kills in this place as a percentage of other kills in the entire game.
 E = Experience gained in this place as a percentage of experience gained in the entire game.
 F = Experience gained in this place divided by the number of levels of this place that you have seen.
                   A       B       C       D       E      F
               +-------+-------+-------+-------+-------+----------------------
         Total | 100.0 | 100.0 |   N/A |   N/A | 100.0 |  11.0
       Dungeon | 100.0 | 100.0 |   N/A |   N/A | 100.0 |  11.0
               +-------+-------+-------+-------+-------+----------------------

Table legend: (Time is in decaauts)
 A = Elapsed time spent in this place.
 B = Non-inter-level travel time spent in this place.
 C = Inter-level travel time spent in this place.
 D = Time resting spent in this place.
 E = Time spent auto-exploring this place.
 F = Levels seen in this place.
 G = Mean time per level.
                   A        B        C        D        E       F      G
               +--------+--------+--------+--------+--------+-----+--------+
         Total |    110 |    110 |      0 |      0 |     59 |   1 |  110.0 |
       Dungeon |    110 |    110 |      0 |      0 |     59 |   1 |  110.0 |
               +--------+--------+--------+--------+--------+-----+--------+

Top non-repeatable levels by time:
     D:1: 110 daAuts
